 Dungeon Crawl Stone Soup version 0.29-a0-110-g189f89ecda (webtiles) character file.

Game seed: 13020382435035903261

67 EiAlmux the Conjurer (level 4, -6/26 HPs)
             Began as a Deep Elf Conjurer on Feb 17, 2022.
             Killed by divine providence
             ... invoked by an orc priest
              (12 damage)
             ... on level 3 of the Dungeon.
             The game lasted 00:04:09 (1634 turns).

EiAlmux the Conjurer (Deep Elf Conjurer)            Turns: 1634, Time: 00:04:10

Health: -6/26      AC:  9    Str:  4    XL:     4   Next: 0%
Magic:  11/11      EV: 11    Int: 25    God:
Gold:   89         SH:  0    Dex: 13    Spells: 7/10 levels left

rFire   . . .      SeeInvis .   f - +0 dagger
rCold   . . .      Faith    .   (no shield)
rNeg    . . .      Spirit   .   e - +0 leather armour
rPois   .          Reflect  .   c - +1 helmet
rElec   .          Harm     .   (no cloak)
rCorr   .          Rampage  .   (no gloves)
Will    .....                   (no boots)
Stlth   ++........              p - amulet of magic regeneration
HPRegen 0.08/turn               k - +4 ring of protection
MPRegen 0.52/turn               (no ring)

@: no status effects
A: no striking features
a: no special abilities


You were on level 3 of the Dungeon.
You visited 1 branch of the dungeon, and saw 3 of its levels.

You collected 89 gold pieces.

Inventory:

Hand Weapons
 b - a +0 short sword
 f - a +0 dagger (weapon)
Armour
 a - a +0 robe
 c - a +1 helmet (worn)
 e - a +0 leather armour (worn)
Magical Staves
 r - a staff of air
Jewellery
 h - a +6 ring of dexterity
 k - a +4 ring of protection (left hand)
 l - a ring of resist corrosion
 m - a ring of ice
 p - an amulet of magic regeneration (around neck)
Scrolls
 d - a scroll of vulnerability {unknown}
 i - a scroll of teleportation {unknown}
 j - a scroll of amnesia {unknown}
 o - a scroll of blinking {unknown}
 q - a scroll of magic mapping {unknown}
 t - a scroll of immolation {unknown}
Potions
 g - 2 potions of degeneration
 n - 2 potions of magic
 s - a potion of curing {unknown}


   Skills:
 * Level 2.0 Fighting
 - Level 2.4 Dodging
 - Level 2.4 Stealth
 + Level 3.8 Spellcasting
 + Level 4.9 Conjurations


You had 7 spell levels left.
You knew the following spells:

 Your Spells              Type           Power      Damage    Failure   Level
a - Magic Dart            Conj           100%       1d8       2%          1
b - Searing Ray           Conj           58%        2d6       3%          2

Your spell library contained the following spells:

 Spells                   Type           Power      Damage    Failure   Level
 Dazzling Flash           Conj/Hex       34%        N/A       19%         3
 Frozen Ramparts          Ice            8%         1d2       45%         3
 Fulminant Prism          Conj/Hex       8%         3d7       52%         4
 Iskenderun's Mystic Bla  Conj/Tloc      17%        2d5       52%         4
 Ice Form                 Ice/Tmut       4%         N/A       86%         4
 Summon Ice Beast         Ice/Summ       4%         N/A       86%         4


Dungeon Overview and Level Annotations

Branches:
Dungeon (3/15)

Altars:


Message History

An orc priest comes into view. It is wielding a +0 club.
The magic dart hits the orc.
You kill the orc!
The orc priest shouts!
An orc comes into view. It is wielding a +0 club.
You have reached level 4!
You feel clever.
The magic dart hits the orc priest!
The orc priest is heavily wounded.
The magic dart hits the orc but does no damage.
The magic dart hits the orc priest but does no damage.
The orc priest is heavily wounded.
An orc comes into view. It is wielding a +0 flail.
The magic dart hits the orc priest.
The orc priest is almost dead.
The magic dart hits the orc priest but does no damage.
The orc priest is almost dead.
The orc priest mumbles some strange prayers to Beogh against you.
Beogh smites you!
Ouch! That really hurt!
You hear a shout!
Casting: Magic Dart (safe; 2% risk of failure)
Confirm with . or Enter, or press ? or * to list all spells.
Aiming: Magic Dart (safe; 2% risk of failure)
Press: ? - help, Shift-Dir - straight line, f/p - orc priest
Aim: an orc priest, wielding a +0 club and wearing a +0 scale mail (severely wounded, 100% to hit)
The magic dart hits the orc priest but does no damage.
The orc priest is severely wounded.
The orc priest calls down the wrath of Beogh upon you.
Beogh smites you!
* * * LOW HITPOINT WARNING * * *
Things that are here:
a +0 club; a goblin corpse The orc priest looks satisfied for a moment.
The orc priest looks braver for a moment.
You see here a +0 short sword.
Found a glowing plate armour.
The orc priest invokes the aid of Beogh against you.
Beogh smites you!
You die...

#..# #. #).# .....# . #.# #.o###
..... ## ... #.. #....# #....
.##....##.#### #.o#.# #...##....
......# #..#.#
#.......#...###.##.## #..#.######
#.......#..[........####.........
#.......# #.@..o.o.o..<#.....
#.<.....# #####...##.........
#<......# .. ###............
#.......# ... #.#..........
#.......## #.. #............
#####....# #..## ###..........
#.##..# #...#### #.......... #.#
#.# #......####......... #.# #.##
#.......##.........


You could see an orc priest and 2 orcs.

Vanquished Creatures
  3 gnolls (D:3)
  An orc (D:3)
  3 endoplasms (D:1)
  2 giant cockroaches (D:2)
  5 goblins
  9 hobgoblins
  A quokka (D:3)
  2 ball pythons
  3 bats
  3 frilled lizards (D:2)
  2 kobolds (D:2)
  A rat (D:2)
35 creatures vanquished.

Notes
Turn   | Place    | Note
-------+----------+-------------------------------------------
     0 | D:1      | EiAlmux the Deep Elf Conjurer began the quest for the Orb.
     0 | D:1      | Reached XP level 1. HP: 10/10 MP: 6/6
   186 | D:1      | Reached XP level 2. HP: 16/16 MP: 2/8
   189 | D:1      | Learned a level 2 spell: Searing Ray
   323 | D:1      | Reached skill level 1 in Fighting
   943 | D:2      | Found a faded altar of an unknown god.
   973 | D:2      | Reached XP level 3. HP: 20/20 MP: 8/10
  1613 | D:3      | Reached XP level 4. HP: 26/26 MP: 9/11
  1634 | D:3      | Killed from afar by an orc priest

Illustrated notes

Levels and vault maps discovered:
D:1:      co_arrival_square_in_a_square_in_a_square, layout_rooms
D:2:      layout_basic, basic_ecumenical_altar
D:3:      layout_rooms

Skill      XL: |  1  2  3 |
---------------+----------+-----
Fighting       | 1 2 |  2.0
Dodging        | |  2.4
Stealth        | |  2.4
Spellcasting   | |  3.8
Conjurations   | |  4.9

Action                   |  1- 3 |  4- 6 || total
-------------------------+-------+-------++-------
 Cast: Magic Dart        |    60 |     6 ||    66
       Searing Ray       |     1 |       ||     1
  Use: Scroll            |     2 |       ||     2
Armor: Leather armour    |     1 |       ||     1

Table legend: (Time is in decaauts)
 A = Elapsed time spent in this place.
 B = Non-inter-level travel time spent in this place.
 C = Inter-level travel time spent in this place.
 D = Time resting spent in this place.
 E = Time spent auto-exploring this place.
 F = Levels seen in this place.
 G = Mean time per level.
                   A        B        C        D        E       F      G
               +--------+--------+--------+--------+--------+-----+--------+
         Total |   1632 |   1593 |     39 |      0 |   1395 |   3 |  544.0 |
       Dungeon |   1632 |   1593 |     39 |      0 |   1395 |   3 |  544.0 |
               +--------+--------+--------+--------+--------+-----+--------+

Top non-repeatable levels by time:
     D:2: 771 daAuts
     D:1: 613 daAuts
     D:3: 247 daAuts
